 Dungeon Crawl Stone Soup version 0.30.0-5-g1a98f26d00 (webtiles) character file.

Game seed: 4904726835638750146

336 freelancePsychic the Caller (level 7, -10/57 HPs)
             Began as a Meteoran Summoner on May 8, 2023.
             Mangled by a hornet (13 damage)
             ... while paralysed by a hornet
             ... on level 5 of the Dungeon.
             The game lasted 00:07:15 (1125 turns).

freelancePsychic the Caller (Meteoran Summoner)     Turns: 1125, Time: 00:07:16

Health: -10/57     AC:  6    Str: 10    XL:     7   Next: 10%
Magic:  11/14      EV:  2    Int: 18    God:
Gold:   39         SH:  0    Dex: 15    Spells: 5/14 levels left

rFire   . . .        e - +0 falchion (drain)
rCold   . . .        (no shield)
rNeg    . . .        a - +0 robe
rPois   .            (no helmet)
rElec   .            (no cloak)
rCorr   .            (no gloves)
SInv    .            (no boots)
Will    .....        (no amulet)
Stlth   +            d - +4 ring of protection
HPRegen 0.29/turn    l - +5 ring of evasion
MPRegen 0.14/turn

%: no passive effects
@: paralysed, brilliant, on berserk cooldown, very slightly contaminated,
slowed, glowing
A: sense surroundings 1, otherworldly, glowing, explore regen
a: no special abilities


You were on level 5 of the Dungeon.
You visited 1 branch of the dungeon, and saw 5 of its levels.

You collected 39 gold pieces.

Inventory:

Hand Weapons
 e - a +0 falchion of draining (weapon)
Armour
 a - a +0 robe (worn)
 q - a +0 kite shield
 r - the +1 ring mail of the Pits of Slime {Fly rC+}
   (You found it on level 4 of the Dungeon)

   rC:        It protects you from cold.
   Fly:       It grants you flight.
Jewellery
 d - a +4 ring of protection (left hand)
 l - a +5 ring of evasion (right hand)
Wands
 p - a wand of flame (14)
Scrolls
 f - 3 scrolls of teleportation {@r4}
 g - 3 scrolls of magic mapping
 h - 2 scrolls of identify {unknown}
 i - a scroll of fear {unknown}
 k - a scroll of acquirement {unknown}
Potions
 b - a potion of magic
 c - a potion of brilliance
 j - a potion of flight
 m - a potion of berserk rage
 n - a potion of curing {@q1}
 o - a potion of ambrosia {unknown}


   Skills:
 + Level 3.1 Fighting
 - Level 2.4 Dodging
 - Level 1.4 Stealth
 + Level 4.2 Spellcasting
 - Level 1.2 Hexes
 * Level 7.2 Summonings
 * Level 1.4 Air Magic


You had 5 spell levels left.
You knew the following spells:

 Your Spells              Type           Power      Damage    Failure   Level
a - Summon Small Mammal   Summ           100%       N/A       1%          1
b - Call Imp              Summ           88%        N/A       1%          2
c - Call Canine Familiar  Summ           44%        N/A       2%          3
d - Summon Guardian Gole  Hex/Summ       28%        N/A       8%          3

Your spell library contained the following spells:

 Spells                   Type           Power      Damage    Failure   Level
 Summon Lightning Spire   Summ/Air       29%        N/A       24%         4
 Volatile Blastmotes      Fire/Tloc      10%        2d10      41%         3
 Fulminant Prism          Conj/Hex       4%         3d5       73%         4
 Iskenderun's Mystic Bla  Conj/Tloc      5%         2d3       82%         4
 Lee's Rapid Deconstruct  Erth           2%         3d5*      99%         5


Dungeon Overview and Level Annotations

Branches:
Dungeon (5/15) Zot: 1848
 Temple: D:4-7

Altars:
The Shining One

Shops:
D:3 *


Innate Abilities, Weirdness & Mutations

You passively map a small area around you.
You are easily found by Zot.
You glow in the dark.
You regain HP and MP as you explore.


Message History

You are very lightly contaminated with residual magic.
Nothing appears to happen.
The hornet misses your cerulean imp.
Your hound barely misses the white imp.
The white imp gestures at you.
The puff of frost hits your cerulean imp!
Your cerulean imp dies!
Your cerulean imp disappears in a puff of smoke!
Your hound bites the white imp.
The white imp closely misses your hound.
Casting: Summon Guardian Golem (dangerous; 8% risk of failure)
Confirm with . or Enter, or press ? or * to list all spells.
You feel a surge of power!
A guardian golem appears, shielding your allies.
Your hound bites the white imp.
The hornet barely misses you.
Your hound bites the white imp.
The hornet stings you.
You feel as though you will be slow longer.
The white imp hits your hound. The white imp freezes your hound.
Your hound bites the white imp.
The hornet stings you.
* * * LOW HITPOINT WARNING * * *
You are poisoned.
You feel as though you will be slow longer.
You swap places.
You feel very sick.
Your hound bites the white imp.
The white imp dies!
Your hound closely misses the hornet.
The hornet misses you.
Casting: Summon Guardian Golem (dangerous; 8% risk of failure)
Confirm with . or Enter, or press ? or * to list all spells.
You don't know that spell.
It was a potion of curing.
You feel better.
Your hound misses the hornet. The hornet barely misses you.
Your hound barely misses the hornet.
The hornet closely misses you.
Your hound barely misses the hornet.
The hornet stings you.
* * * LOW HITPOINT WARNING * * *
You suddenly lose the ability to move!
Your hound closely misses the hornet.
The hornet stings you!
* * * LOW HITPOINT WARNING * * *
You feel as though you will be slow longer.
Your hound barely misses the hornet.
The hornet stings you!
You die...

## * ..
*############ #. ,
...#...,..#
#..#####.#.####.#
.##..#..........@.#
>.....).##.#.###9y#
.##...)†<#.#.# #.h#
#.....##.#.# #..#
..[...)....#.. ...#
.#####.#########.##
#.# #.# , #+# #.#
#..


You could see a hornet (ally target), a friendly guardian golem (summoned) and a
friendly hound (summoned, sheltered).

Vanquished Creatures
  2 scorpions
  Ijyb (D:4)
  4 adders
  An ufetubus (D:4)
  2 orcs (D:4)
  A ball python (D:3)
  A bat (D:1)
  An endoplasm (D:4)
  A hobgoblin (D:2)
  4 kobolds
  A quokka (D:3)
  A rat (D:3)
20 creatures vanquished.

Vanquished Creatures (collateral kills)
  An orc priest (D:2)
  A sleepcap (D:4)
  3 gnolls (D:5)
  An adder (D:3)
  A white imp (D:5)
  A worm (D:3)
  6 orcs
  6 ball pythons
  2 endoplasms
  3 goblins
  A hobgoblin (D:1)
  A jackal (D:4)
  3 quokkas
  2 bats
  A rat (D:1)
33 creatures vanquished.

Grand Total: 53 creatures vanquished

Notes
Turn   | Place    | Note
-------+----------+-------------------------------------------
     0 | D:1      | freelancePsychic the Meteoran Summoner began the quest for
                  | the Orb.
     0 | D:1      | Reached XP level 1. HP: 14/14 MP: 5/5
   154 | D:1      | Reached skill level 5 in Summonings
   157 | D:1      | Reached XP level 2. HP: 18/22 MP: 3/6
   233 | D:1      | Learned a level 2 spell: Call Imp
   260 | D:1      | Reached skill level 1 in Fighting
   311 | D:2      | Reached XP level 3. HP: 25/28 MP: 3/8
   311 | D:2      | Reached XP level 4. HP: 31/35 MP: 3/9
   497 | D:3      | Learned a level 3 spell: Call Canine Familiar
   504 | D:3      | Reached skill level 6 in Summonings
   516 | D:3      | Found Luinoyw's General Store.
   600 | D:3      | Found a glowing golden altar of the Shining One.
   653 | D:3      | Reached XP level 5. HP: 36/41 MP: 7/11
   662 | D:3      | Found a faded altar of an unknown god.
   820 | D:4      | Reached skill level 1 in Hexes
   836 | D:4      | Learned a level 3 spell: Summon Guardian Golem
   872 | D:4      | Noticed Ijyb
   886 | D:4      | Reached XP level 6. HP: 48/50 MP: 1/13
   909 | D:4      | Killed Ijyb
   939 | D:4      | Identified the +1 ring mail of the Pits of Slime {Fly rC+}
  1084 | D:5      | Entered Level 5 of the Dungeon
  1092 | D:5      | Reached skill level 7 in Summonings
  1100 | D:5      | Reached skill level 1 in Air Magic
  1100 | D:5      | Reached XP level 7. HP: 14/57 MP: 7/14
  1117 | D:5      | Noticed a hornet
  1124 | D:5      | Paralysed by a hornet for 3 turns
  1124 | D:5      | HP: 2/57 [hornet (13)]
  1125 | D:5      | Mangled by a hornet

Illustrated notes

Levels and vault maps discovered:
D:1:      elethiomel_arrival_infinity_welcomes_careful_drivers,
          layout_loops_cross, serial_forest, infiniplex_forest_lined_corner,
          infiniplex_forest_clump_double, infiniplex_forest_straight_4,
          infiniplex_forest_zigzag_2, infiniplex_forest_straight_5,
          infiniplex_forest_zigzag_1, infiniplex_forest_straight_3,
          corexii_hall_statues_l
D:2:      layout_loops_corners, uniq_natasha
D:3:      layout_loops_ring, mainiacjoe_overflow_boulevard,
          nicolae_ecumenical_pavilion, serial_shops, nicolae_shop_tiny_glass
D:4:      layout_basic, minmay_fractal_squares_5, uniq_ijyb
D:5:      kb_forest_paths, layout_loops_corners

Skill      XL: |  1  2  3  4  5  6 |
---------------+-------------------+-----
Summonings     | 5 6 7 |  7.2
Fighting       | 1 2 3 |  3.1
Spellcasting   | 3 4 |  4.2
Hexes          | 1 |  1.2
Air Magic      | 1 |  1.4
Dodging        | |  2.4
Stealth        | |  1.4

Action                     |  1- 3 |  4- 6 |  7- 9 || total
---------------------------+-------+-------+-------++-------
  Melee: Unarmed           |    17 |       |       ||    17
         Falchion          |       |    66 |       ||    66
   Cast: Summon Small Mamm |    10 |    14 |       ||    24
         Call Imp          |     3 |    10 |       ||    13
         Call Canine Famil |       |     5 |       ||     5
         Summon Guardian G |       |     2 |     1 ||     3
    Use: Scroll            |       |     2 |       ||     2
         Potion            |       |     3 |     1 ||     4
   Stab: Distracted        |       |     3 |       ||     3
 Armour: Robe              |    20 |    52 |       ||    72
  Dodge: Dodged            |    25 |    99 |     6 ||   130
